Map: Fields of Shazir

Players

Overmind

  • Race: Protoss Protoss
  • Spawn Location: 5:00

PlatinSlayer

  • Race: Zerg Zerg
  • League: Gold
  • Spawn Location: 3:00

ZergSoupYum

  • Race: Protoss Protoss
  • Spawn Location: 3:00

BigPig - Winner!

  • Race: Protoss Protoss
  • Spawn Location: 9:00

Metasapien - Winner!

  • Race: Zerg Zerg
  • League: Platinum
  • Spawn Location: 7:00

JetSuperUser - Winner!

  • Race: Terran Terran
  • Spawn Location: 9:00

VOD

Have the link to the VOD?

Description

Time

  • Played on: Sept. 23, 2017, 10:56 a.m.
  • Length: 18:47
Show
View Real Time Build Order
Export as new Build Order

Overmind Protoss 

Build Orders:  

Get SALT Encoding   

  12  0:02  Probe (Chrono Boost)  
  14  0:14  Probe (Chrono Boost)  
  14  0:25  Probe (Chrono Boost)  
  15  0:30  Pylon  
  15  0:49  Probe (Chrono Boost)  
  16  1:03  Gateway  
  16  1:13  Nexus  
  16  1:16  Probe (Chrono Boost)  
  17  1:27  Probe (Chrono Boost), Assimilator  
  17  1:31  Assimilator  
  18  1:44  Assimilator  
  18  1:50  Assimilator  
  18  1:52  Cybernetics Core  
  18  1:56  Probe (Chrono Boost)  
  19  2:07  Probe (Chrono Boost)  
  20  2:18  Probe (Chrono Boost)  
  21  2:28  Probe (Chrono Boost)  
  22  2:34  Stargate  
  22  2:49  Probe (Chrono Boost)  
  23  2:56  Probe (Chrono Boost)  
  24  3:00  Probe (Chrono Boost)  
  25  3:07  Probe (Chrono Boost), Stargate  
  25  3:10  Probe (Chrono Boost)  
  27  3:17  Probe (Chrono Boost)  
  28  3:26  Void Ray (Chrono Boost)  
  32  3:28  Probe (Chrono Boost)  
  33  3:42  Pylon  
  33  3:45  Probe  
  33  3:46  Probe  
  35  3:56  Probe  
  35  3:57  Probe  
  41  4:07  Void Ray (Chrono Boost)  
  41  4:09  Probe  
  42  4:18  Stargate  
  42  4:28  Void Ray (Chrono Boost)  
  46  4:37  Pylon  
  31  5:23  Probe  
  32  5:30  Probe  
  32  5:34  Probe  
  42  5:35  Void Ray (Chrono Boost)  
  42  5:41  Void Ray (Chrono Boost)  
  42  5:42  Probe  
  43  5:44  Probe  
  44  5:54  Probe  
  44  5:55  Probe  
  46  6:05  Pylon  
  46  6:21  Probe  
  46  6:23  Probe  
  48  6:32  Probe  
  48  6:35  Probe  
  46  6:43  Probe  
  39  7:32  Void Ray (Chrono Boost)  
  51  7:38  Void Ray x2 (Chrono Boost)  
  51  7:57  Probe  
  51  8:02  Probe  
  53  8:08  Probe  
  54  8:13  Stargate  
  54  8:14  Stargate  
  54  8:18  Stargate  
  54  8:20  Protoss Air Armor Level 1 (Chrono Boost)  
  54  8:21  Pylon  
  54  8:23  Pylon  
  54  8:39  Void Ray (Chrono Boost)  
  54  8:40  Probe  
  54  8:41  Void Ray (Chrono Boost), Probe  
  64  8:50  Probe  
  64  8:52  Void Ray (Chrono Boost)  
  64  8:53  Probe  
  70  9:12  Pylon  
  70  9:15  Pylon  
  70  9:29  Probe  
  70  9:30  Void Ray, Probe  
  76  9:33  Void Ray  
  80  9:42  Probe  
  69  10:07  Void Ray x4, Protoss Air Weapons Level 1 (Chrono Boost)  
  85  10:24  Pylon  
  85  10:25  Pylon  
  85  10:42  Void Ray x2  
  73  11:15  Nexus  
  73  11:17  Assimilator  
  73  11:18  Void Ray x3  
  85  11:23  Assimilator  
  85  11:26  Pylon  
  85  11:28  Pylon  
  85  11:31  Pylon  
  53  12:07  Void Ray (Chrono Boost)  
  69  12:08  Void Ray (Chrono Boost)  
  69  12:09  Void Ray x2 (Chrono Boost)  
  64  12:40  Void Ray x2 (Chrono Boost)  
  64  12:44  Probe  
  67  12:54  Probe  
  46  13:05  Probe  
  33  13:15  Probe  
  34  13:26  Probe  
  31  13:36  Probe  
  32  13:47  Probe  
  32  13:51  Nexus  
  33  13:57  Probe  
  29  14:08  Probe  
  21  14:17  Nexus  
  19  14:18  Probe  
  18  14:29  Probe  
  19  14:40  Probe  
  19  14:41  Pylon  
  20  15:06  Gateway  
  19  15:09  Gateway  
  19  15:10  Gateway  
  19  15:11  Gateway  
  19  15:12  Gateway  
  19  15:13  Gateway  
  19  15:15  Gateway x2  
  19  15:16  Gateway  
  19  15:29  Pylon  
  19  15:30  Probe  
  20  15:45  Probe  
  21  15:55  Probe  
  21  16:02  Cybernetics Core  
  22  16:06  Probe  
  23  16:18  Probe  
  24  16:28  Probe  
  25  16:38  Stalker x3  
  25  16:39  Probe, Stalker x6  
  44  16:49  Probe  
  45  17:00  Probe, Twilight Council  
  46  17:08  Stalker  
  46  17:14  Stalker  
  46  17:15  Stalker  
  52  17:20  Stalker  
  54  17:26  Probe  
  55  17:37  Probe  
  55  17:39  Probe  
  57  17:57  Probe  
  58  17:59  Dark Shrine  
  57  18:07  Probe  
  58  18:27  Pylon  
  58  18:30  Pylon  
Show
View Real Time Build Order
Export as new Build Order

PlatinSlayer Zerg 

Build Orders: Hatch First, Lurkers 

Get SALT Encoding   

  12  0:10  Overlord  
  12  0:17  Drone  
  12  0:18  Drone  
  14  0:22  Extractor  
  14  0:25  Drone  
  14  0:34  Drone  
  15  0:46  Drone  
  16  1:03  Hatchery  
  15  1:22  Spawning Pool  
  14  1:26  Drone  
  14  1:28  Drone  
  14  1:32  Drone  
  17  1:47  Drone  
  18  2:10  Zergling x6  
  21  2:17  Queen  
  21  2:20  Zergling x2  
  24  2:26  Metabolic Boost  
  24  2:30  Extractor  
  24  2:32  Drone x3  
  26  2:37  Queen  
  28  2:46  Overlord  
  28  2:58  Lair  
  28  3:04  Overlord  
  28  3:36  Zergling x6  
  28  3:37  Zergling x12  
  36  3:56  Overlord, Drone  
  37  4:26  Drone x5  
  37  4:27  Drone  
  43  4:52  Spire  
  42  4:55  Hydralisk Den  
  42  4:56  Drone x4  
  45  5:03  Extractor  
  45  5:05  Extractor  
  43  5:11  Zergling x6  
  43  5:12  Zergling x2  
  47  5:22  Zergling x4  
  49  5:40  Drone x3  
  52  5:43  Overlord x3  
  52  6:00  Muscular Augments  
  52  6:12  Drone x7  
  54  7:03  Mutalisk x3  
  54  7:04  Mutalisk x3  
  54  7:05  Mutalisk  
  67  7:29  Mutalisk  
  66  7:30  Mutalisk  
  65  7:59  Zerg Flyer Weapons Level 1  
  65  8:01  Mutalisk  
  67  8:09  Drone x5  
  72  8:34  Hatchery  
  71  8:36  Extractor  
  71  8:37  Extractor  
  71  8:40  Drone x5  
  71  8:41  Drone x2  
  76  8:43  Overlord x3  
  76  8:44  Overlord  
  76  8:47  Lurker Den  
  76  8:58  Infestation Pit  
  75  9:04  Drone x3  
  75  9:07  Overlord  
  78  9:17  Drone x2  
  80  9:37  Overlord x5  
  80  9:46  Hive  
  80  9:49  Mutalisk x5  
  90  10:05  Extractor, Hatchery  
  88  10:11  Extractor  
  88  10:12  Drone x7  
  94  10:14  Queen  
  94  10:20  Overseer  
  96  10:23  Overseer  
  96  10:28  Burrow  
  96  10:40  Mutalisk x4  
  96  10:41  Mutalisk  
  106  11:01  Mutalisk  
  106  11:02  Mutalisk x2  
  106  11:03  Zergling x2  
  106  11:04  Zergling x10  
  105  11:23  Hydralisk x6  
  117  11:25  Zergling x2  
  87  11:48  Hydralisk x4  
  87  11:49  Hydralisk x3  
  87  12:02  Zergling x10  
  87  12:03  Zergling x6  
  90  12:21  Hydralisk x5  
  70  12:39  Hydralisk x5  
  70  12:40  Hydralisk  
  64  12:50  Lurker  
  60  12:55  Lurker  
  58  13:01  Zergling x10  
  58  13:02  Zergling x2  
  40  13:31  Hydralisk x5  
  40  13:32  Hydralisk  
  50  13:40  Hydralisk  
  50  13:41  Zergling x8  
  56  13:53  Zergling x2  
  56  13:54  Zergling x8  
  61  13:58  Lurker  
  48  14:18  Lurker  
  49  14:26  Hydralisk x2  
  49  14:27  Hydralisk  
  53  14:33  Spawning Pool  
Show
View Real Time Build Order
Export as new Build Order

ZergSoupYum Protoss 

Build Orders:  

Get SALT Encoding   

  12  0:08  Pylon  
  13  0:14  Probe (Chrono Boost)  
  13  0:29  Forge  
  13  0:35  Probe (Chrono Boost)  
  14  0:42  Pylon  
  14  0:51  Probe (Chrono Boost)  
  15  1:14  Photon Cannon  
  15  1:17  Photon Cannon  
  15  1:21  Probe (Chrono Boost)  
  16  1:32  Probe (Chrono Boost)  
  17  1:43  Pylon  
  16  2:07  Photon Cannon x2  
  16  2:09  Photon Cannon  
  16  2:20  Pylon  
  15  2:33  Photon Cannon  
  15  2:34  Photon Cannon  
  15  2:37  Probe (Chrono Boost)  
  16  3:01  Assimilator  
  16  3:05  Assimilator  
  16  3:10  Gateway  
  16  3:31  Pylon  
  16  3:47  Photon Cannon  
  16  3:50  Photon Cannon  
  16  4:07  Nexus  
  16  4:19  Pylon  
  16  4:27  Probe (Chrono Boost)  
  17  4:38  Probe (Chrono Boost)  
  18  4:48  Probe (Chrono Boost)  
  19  4:55  Cybernetics Core  
  19  5:15  Probe (Chrono Boost)  
  20  5:23  Photon Cannon  
  20  5:25  Probe (Chrono Boost)  
  21  5:29  Probe (Chrono Boost)  
  22  5:36  Probe (Chrono Boost)  
  23  5:51  Probe (Chrono Boost)  
  23  5:52  Photon Cannon  
  24  6:00  Pylon  
  24  6:01  Probe (Chrono Boost)  
  25  6:07  Probe (Chrono Boost)  
  26  6:12  Probe (Chrono Boost)  
  26  6:17  Probe (Chrono Boost)  
  26  6:18  Assimilator  
  28  6:22  Assimilator  
  10  7:51  Pylon  
  10  7:54  Probe (Chrono Boost)  
  11  8:05  Probe (Chrono Boost)  
  12  8:15  Probe (Chrono Boost)  
  13  8:26  Probe (Chrono Boost)  
  14  8:36  Probe (Chrono Boost)  
  15  8:45  Nexus  
  15  8:47  Probe (Chrono Boost)  
  16  8:58  Probe (Chrono Boost)  
  17  9:08  Probe (Chrono Boost)  
  18  9:19  Mothership Core (Chrono Boost)  
  20  9:37  Probe (Chrono Boost)  
  21  9:48  Probe (Chrono Boost)  
  22  9:58  Probe (Chrono Boost)  
  22  9:59  Probe (Chrono Boost)  
  24  10:09  Probe x2 (Chrono Boost)  
  26  10:19  Probe (Chrono Boost)  
  26  10:20  Probe (Chrono Boost)  
  28  10:30  Probe x2 (Chrono Boost)  
  30  10:40  Probe (Chrono Boost)  
  30  10:41  Probe (Chrono Boost)  
  32  10:51  Probe x2 (Chrono Boost)  
  34  11:00  Stargate  
  34  11:01  Stargate  
  34  11:04  Stargate  
  34  11:06  Stargate  
  34  11:09  Stargate  
  34  11:26  Robotics Facility  
  34  11:52  Void Ray (Chrono Boost)  
  34  11:54  Void Ray (Chrono Boost)  
  42  12:03  Void Ray (Chrono Boost)  
  46  12:15  Observer (Chrono Boost)  
  47  12:22  Void Ray (Chrono Boost)  
  51  12:34  Observer (Chrono Boost)  
  52  12:42  Void Ray (Chrono Boost)  
  56  12:55  Void Ray (Chrono Boost)  
  52  13:16  Void Ray (Chrono Boost)  
  56  13:20  Void Ray (Chrono Boost)  
  52  13:38  Void Ray (Chrono Boost)  
  56  14:15  Void Ray (Chrono Boost)  
  68  14:21  Void Ray x2 (Chrono Boost)  
  68  14:37  Void Ray (Chrono Boost)  
  76  14:42  Void Ray (Chrono Boost)  
  76  14:45  Pylon  
  76  15:04  Void Ray (Chrono Boost)  
  88  15:09  Void Ray (Chrono Boost)  
  88  15:10  Void Ray (Chrono Boost), Pylon  
  88  15:11  Pylon  
  88  15:13  Pylon  
  92  15:14  Void Ray (Chrono Boost)  
  96  15:34  Void Ray (Chrono Boost)  
  96  15:41  Void Ray (Chrono Boost)  
Show
View Real Time Build Order
Export as new Build Order

BigPig Protoss - Winner!

Build Orders: 1 Gate Expand, Double Forge 

Get SALT Encoding   

  12  0:05  Probe (Chrono Boost)  
  13  0:16  Pylon  
  13  0:19  Probe (Chrono Boost)  
  14  0:31  Probe (Chrono Boost)  
  15  0:40  Gateway  
  15  0:43  Probe (Chrono Boost)  
  16  0:54  Probe (Chrono Boost)  
  17  1:15  Nexus  
  17  1:27  Zealot  
  19  1:34  Forge  
  19  1:39  Pylon  
  15  2:12  Photon Cannon  
  15  2:14  Pylon  
  15  2:55  Pylon  
  15  3:04  Probe x2 (Chrono Boost)  
  17  3:08  Assimilator  
  17  3:15  Probe x2 (Chrono Boost)  
  19  3:21  Forge  
  18  3:59  Pylon  
  18  4:10  Pylon  
Show
View Real Time Build Order
Export as new Build Order

Metasapien Zerg - Winner!

Build Orders: Hatch First 

Get SALT Encoding   

  12  0:26  Drone  
  13  0:36  Hatchery  
  12  0:49  Drone  
  13  0:50  Drone  
  13  0:53  Overlord  
  14  0:58  Extractor  
  13  1:13  Spawning Pool  
  12  1:19  Drone  
  12  1:20  Drone  
  12  1:25  Drone  
  15  1:41  Drone  
  16  1:48  Overlord  
  16  1:58  Drone x2  
  18  2:13  Queen  
  20  2:15  Overlord  
  20  2:17  Drone  
  20  2:18  Drone  
  22  2:23  Metabolic Boost  
  22  2:27  Drone  
  23  2:31  Drone  
  23  2:35  Drone  
  25  2:57  Drone  
  26  2:58  Drone  
  26  3:02  Hatchery  
  26  3:09  Queen  
  26  3:11  Drone  
  29  3:20  Roach Warren  
  28  3:41  Drone x2  
  28  3:42  Drone  
  28  3:45  Zergling x10  
  28  3:46  Zergling x2  
  37  3:54  Overlord  
  37  3:58  Overlord  
  37  4:02  Extractor  
  36  4:05  Roach  
  38  4:10  Lair  
  38  4:13  Drone x4  
  38  4:16  Drone  
  43  4:19  Drone  
  44  4:41  Roach x3  
  44  4:42  Roach x4  
  44  4:43  Queen  
  60  4:56  Drone  
  60  4:57  Drone  
  63  5:00  Drone x2  
  63  5:01  Drone  
  63  5:02  Drone  
  63  5:05  Extractor  
  63  5:06  Drone x2, Extractor  
  63  5:20  Hydralisk Den, Queen  
  61  5:22  Drone  
  61  5:23  Drone x3  
  61  5:24  Drone x3  
  66  5:39  Overlord  
  66  5:40  Overlord x2  
  66  5:41  Spore Crawler  
  66  5:42  Spore Crawler  
  64  5:48  Drone  
  65  5:50  Overlord  
  65  5:56  Glial Reconstitution  
  65  5:59  Muscular Augments  
  65  6:05  Ravager  
  65  6:06  Hydralisk  
  64  6:17  Hydralisk  
  66  6:32  Hydralisk x2  
  70  6:46  Hydralisk  
  70  6:47  Roach  
  70  6:49  Zergling x12  
  70  6:50  Zergling x6  
  70  6:53  Queen x2  
  73  7:04  Hydralisk  
  73  7:05  Hydralisk  
  77  7:14  Hydralisk  
  75  7:33  Hydralisk  
  75  7:34  Hydralisk  
  79  7:38  Drone  
  79  7:40  Drone  
  81  8:11  Hydralisk  
  83  8:12  Overlord  
  83  8:13  Overlord x2  
  83  8:23  Queen, Infestation Pit  
  84  8:32  Overlord x3  
  84  8:33  Overlord  
  86  8:43  Evolution Chamber  
  86  8:44  Drone x4  
  86  8:46  Evolution Chamber  
  86  8:47  Hydralisk x3  
  94  8:53  Hatchery  
  93  8:58  Ravager  
  93  8:59  Overseer  
  93  9:01  Pneumatized Carapace  
  94  9:06  Queen  
  94  9:22  Drone x2  
  96  9:25  Zerg Ground Armor Level 1, Zerg Missile Weapons Level 1  
  96  9:28  Hatchery  
  95  9:32  Overlord x2  
  95  9:33  Hydralisk x4  
  103  9:44  Hydralisk x2  
  100  9:56  Hydralisk x4  
  100  9:57  Hydralisk  
  108  10:06  Overseer  
  108  10:14  Hydralisk x3  
  108  10:17  Drone  
  108  10:19  Drone x2  
  119  10:33  Drone  
  116  10:58  Drone x2  
  118  11:07  Hatchery  
  104  11:26  Hydralisk x6  
  104  11:27  Drone, Hydralisk  
  104  11:28  Drone x2, Spore Crawler  
  104  11:29  Drone x2  
  122  11:37  Hatchery  
  88  11:47  Hydralisk  
  88  11:48  Hydralisk x5  
  95  11:59  Hydralisk  
  95  12:00  Hydralisk  
  99  12:18  Hydralisk x3  
  99  12:19  Hydralisk x2  
  103  12:32  Zerg Missile Weapons Level 2  
  103  12:33  Zerg Ground Armor Level 2  
  97  12:38  Hydralisk x3  
  97  12:39  Roach  
  97  12:41  Hydralisk  
  107  12:46  Drone x2  
  107  12:49  Drone  
  107  12:50  Drone  
  111  12:53  Drone  
  112  12:59  Queen  
  94  13:35  Drone x3, Queen  
  94  13:39  Drone x3  
  102  13:41  Extractor  
  102  13:43  Extractor  
  102  13:44  Hydralisk x7  
  114  13:53  Zergling x4  
  116  14:11  Infestor, Hydralisk x3  
  116  14:12  Drone, Infestor  
  116  14:13  Hydralisk x4  
  135  14:40  Extractor  
  135  14:45  Extractor  
  133  14:47  Hatchery, Hydralisk x5  
  133  14:48  Hydralisk  
  144  15:11  Hive  
  144  15:22  Overlord x2  
  144  15:23  Overlord x5  
  144  15:43  Hydralisk x4  
  144  15:44  Hydralisk x2  
  144  15:46  Zergling x6  
  144  15:47  Zergling x8  
  163  15:55  Burrow  
  163  16:06  Hydralisk  
  163  16:07  Hydralisk  
  163  16:26  Drone x3  
  166  16:50  Extractor  
  166  16:54  Hydralisk x6  
  165  16:55  Hydralisk x5  
  165  16:56  Extractor  
  186  17:26  Drone, Nydus Network  
  186  17:27  Drone x2  
  188  17:34  Drone x2  
  188  17:35  Drone  
  188  17:36  Drone  
  192  17:52  Zergling x16  
Show
View Real Time Build Order
Export as new Build Order

JetSuperUser Terran - Winner!

Build Orders: MMM Bio 

Get SALT Encoding   

  12  0:01  SCV  
  13  0:13  SCV  
  14  0:18  Supply Depot  
  14  0:25  SCV  
  15  0:40  Barracks, SCV  
  16  0:52  SCV  
  18  1:04  SCV  
  18  1:18  Command Center  
  18  1:20  SCV  
  19  1:28  Marine  
  20  1:36  Supply Depot  
  20  1:40  Orbital Command  
  20  1:50  Marine  
  21  2:01  Bunker  
  21  2:08  Marine  
  22  2:15  Refinery  
  22  2:18  Refinery  
  22  2:20  Barracks, SCV  
  23  2:26  Marine  
  24  2:30  Orbital Command  
  24  2:35  SCV  
  25  2:48  SCV, Supply Depot  
  26  2:56  Marine  
  27  2:59  SCV  
  27  3:00  SCV  
  29  3:11  SCV  
  30  3:14  Marine  
  30  3:16  Marine  
  32  3:28  Factory  
  32  3:29  SCV  
  32  3:30  SCV  
  32  3:31  Marine  
  35  3:39  Engineering Bay  
  35  3:41  SCV  
  35  3:42  SCV  
  37  3:48  Marine, Supply Depot  
  37  3:49  Marine  
  37  3:54  SCV x2  
  41  4:06  Missile Turret, SCV x2, Marine  
  41  4:07  Marine  
  41  4:09  Missile Turret  
  45  4:14  Starport  
  45  4:17  Factory Reactor  
  45  4:25  Marine  
  45  4:27  SCV x2  
  45  4:28  Barracks  
  45  4:30  Barracks Tech Lab  
  48  4:41  SCV x2  
  50  5:02  SCV x2  
  52  5:09  Barracks  
  52  5:13  Medivac x2  
  52  5:14  Factory Tech Lab, SCV x2  
  56  5:16  Marine x2  
  56  5:18  Stimpack  
  60  5:22  Refinery  
  60  5:24  Refinery  
  60  5:26  SCV x2  
  62  5:34  Supply Depot x2  
  62  5:37  Barracks  
  62  5:39  Barracks  
  62  5:45  Marine x2  
  62  5:46  SCV x2  
  66  5:50  Barracks Reactor  
  66  5:58  SCV x2  
  66  6:00  Missile Turret  
  66  6:03  Marine  
  69  6:12  Marine  
  70  6:21  Marine  
  70  6:22  Factory Reactor, Barracks  
  71  6:30  Marine x3  
  71  6:32  Viking x2  
  76  6:39  Marine  
  76  6:48  SCV x2, Marine x3  
  81  6:57  Marine  
  81  7:00  SCV x2  
  84  7:05  Marine  
  84  7:06  Marine  
  86  7:19  Marine x2  
  86  7:20  Barracks Reactor x2, Widow Mine, Supply Depot x2  
  86  7:24  Marine  
  86  7:25  Marine  
  86  7:36  Supply Depot  
  86  7:37  Supply Depot  
  86  7:38  Supply Depot  
  86  7:41  Medivac x2, SCV x2, Widow Mine, Marine x2  
  86  7:42  Marine x2  
  88  7:50  Missile Turret  
  86  7:53  SCV x2  
  86  7:57  Missile Turret x3  
  88  7:58  Widow Mine  
  88  7:59  Marine x2  
  88  8:00  Marine x2  
  88  8:01  Combat Shields  
  94  8:05  SCV  
  94  8:09  Widow Mine  
  97  8:14  Medivac  
  97  8:15  Medivac  
  97  8:17  Marine  
  97  8:18  Marine x2  
  105  8:25  Barracks Reactor  
  105  8:27  Widow Mine  
  105  8:28  Barracks Tech Lab  
  105  8:33  Missile Turret x2  
  106  8:36  SCV x2  
  106  8:38  Widow Mine  
  110  8:48  SCV  
  111  8:53  Command Center  
  111  8:54  SCV  
  112  8:56  Widow Mine  
  112  8:59  Concussive Shells  
  112  9:00  SCV  
  112  9:02  Marauder x3, Marine  
  121  9:04  Marine  
  121  9:06  Widow Mine, SCV  
  126  9:22  Supply Depot  
  126  9:23  Supply Depot  
  126  9:44  Widow Mine x2  
  126  9:45  Medivac, Marine x2  
  134  10:05  Marine x3  
  137  10:09  Missile Turret  
  137  10:10  Missile Turret  
  137  10:20  Refinery  
  137  10:23  Missile Turret  
  137  10:24  Missile Turret  
  137  10:32  Marine x2  
  137  10:33  Marine x2  
  141  10:38  Orbital Command  
  139  10:57  SCV x2  
  139  11:00  Marine x7  
  139  11:01  Marine  
  149  11:08  Supply Depot  
  149  11:10  Supply Depot x2  
  149  11:14  Terran Infantry Weapons Level 1  
  149  11:22  Engineering Bay  
  149  11:24  Armory  
  149  11:30  Medivac x2  
  153  11:34  SCV  
  153  11:35  Missile Turret, SCV x2  
  156  11:47  SCV  
  141  11:55  Marine x4  
  141  11:56  Marine x4  
  141  11:57  Marauder, Widow Mine x2  
  141  11:59  Medivac  
  154  12:04  SCV  
  155  12:13  Marine x6  
  155  12:14  Marauder x2  
  154  12:18  Marauder  
  155  12:25  Medivac  
  155  12:26  SCV x2, Widow Mine x2  
  155  12:27  SCV  
  155  12:29  Medivac  
  166  12:31  Marine x5  
  166  12:34  Terran Infantry Armor Level 1  
  166  12:36  Marauder x2  
  173  12:37  Marine  
  173  13:00  Supply Depot x2  
  173  13:01  Supply Depot x2  
  173  13:03  Supply Depot  
  173  13:21  Medivac x2, Widow Mine x2, Marine x6  
  173  13:22  Marine x3  
  188  13:39  Marine x6  
  188  13:40  Marine x3  
  197  13:41  SCV x2  
  197  13:42  SCV  
  200  13:52  Terran Infantry Weapons Level 2  
  195  14:52  Marine x2  
  193  14:53  Marauder x2, Marine x2  
  194  15:37  Supply Depot x2  
  194  15:38  Supply Depot  
  181  17:12  Command Center  
  181  17:21  Supply Depot  
  181  17:22  Supply Depot x2  
  181  17:24  Supply Depot x2  
  181  17:25  Supply Depot  
Tags
 
Add a new tag
Caveats
  • Supply blocks, unpowered buildings, or Contaminate may cause inaccurate times.
  • Supply counts are checked every 10 seconds.